 Dungeon Crawl Stone Soup version 0.31-a0-1074-g0b22e4e0f1 (webtiles) character file.

Game seed: 1449634970653540265

1106 grandjackal the Trooper (level 8, -1/73 HPs)
             Began as a Ghoul Monk on Dec 1, 2023.
             Slain by Prince Ribbit (12 damage)
             ... on level 5 of the Dungeon.
             The game lasted 00:04:15 (3576 turns).

grandjackal the Trooper (Ghoul Monk)                Turns: 3576, Time: 00:04:16

Health: -1/73      AC:  5    Str: 15    XL:     8   Next: 33%
Magic:  7/7        EV: 12    Int: 17    God:
Gold:   217        SH:  0    Dex: 11    Spells: 7/7 levels left

rFire   . .          .
                       - Unarmed
rCold   + + .        c - orb {light}
rNeg    + + +        l - +0 ring mail
rPois   ∞            (no helmet)
rElec   .            (no cloak)
rCorr   .            (no gloves)
SInv    .            (no boots)
Will    .....        (no amulet) Stlth
                     a - ring of protection from cold
HPRegen 0.00/turn    n - +6 ring of intelligence
MPRegen 0.10/turn

%: no passive effects
@: inhibited regen, glowing
A: claws 1, cold resistance 1, negative energy resistance 3, inhibited
regeneration, torment resistance 2, devour on kill
a: no special abilities


You were on level 5 of the Dungeon.
You visited 1 branch of the dungeon, and saw 5 of its levels.

You collected 217 gold pieces.

Inventory:

Armour
 c - an orb of light (worn)
 l - a +0 ring mail (worn)
Jewellery
 a - a ring of protection from cold (left claw)
 n - a +6 ring of intelligence (right claw)
Scrolls
 e - 2 scrolls of identify {unknown}
 f - a scroll of teleportation {unknown}
 i - 2 scrolls of enchant armour {unknown}
 p - a scroll of summoning {unknown}
 q - a scroll of fog {unknown}
Potions
 b - a potion of ambrosia
 g - a potion of heal wounds
 h - a potion of cancellation {unknown}
 j - a potion of berserk rage {unknown}
 k - a potion of haste
 m - a potion of brilliance {unknown}


   Skills:
 + Level 7.0 Fighting
 + Level 5.6 Dodging
 + Level 6.8 Unarmed Combat


You had 7 spell levels left.
You didn't know any spells.
Your spell library contained the following spells:

 Spells                   Type           Power      Damage    Failure   Level
 Shock                    Conj/Air       0%         1d3       43%         1
 Blink                    Tloc           0%         N/A       56%         2
 Lesser Beckoning         Tloc           0%         N/A       56%         2
 Momentum Strike          Conj/Tloc      0%         3d8       56%         2
 Swiftness                Air            0%         N/A       80%         3
 Airstrike                Air            0%         2d(0-16)  99%         4


Dungeon Overview and Level Annotations

Branches:
Dungeon (5/15)
 Temple: D:4-7

Altars:
Okawaru

Shops:
D:1 *   D:4 *

Annotations:
D:5 Prince Ribbit


Innate Abilities, Weirdness & Mutations

You are immune to poison.
You have sharp fingernails.
Your flesh is cold resistant. (rC+)
You are immune to negative energy. (rN+++)
You do not regenerate when monsters are visible.
You are immune to unholy pain and torment.
You thrive by killing the living.


Message History

The ogre barely misses you.
You scratch the ogre.
The ogre is heavily wounded.
The ogre hits you with a +0 giant spiked club.
You claw the ogre!
The ogre is almost dead.
You scratch the ogre but do no damage.
The ogre is almost dead.
The ogre hits you with a +0 giant spiked club!
You scratch the ogre.
You kill the ogre!
Your Fighting skill increases to level 7!
Prince Ribbit blinks!
Aiming: Iceblast
Press: ? - help, Shift-Dir - straight line, f - Prince Ribbit
Aim: Prince Ribbit (haloed)
The mass of ice explodes!
The iceblast engulfs Prince Ribbit!
Prince Ribbit is heavily wounded.
The now-empty wand crumbles to dust.
Prince Ribbit closely misses you.
Unknown command.
Unknown command.
You barely miss Prince Ribbit.
Prince Ribbit is moderately wounded.
Prince Ribbit hops awkwardly around.
Prince Ribbit completely misses you.
You scratch Prince Ribbit.
Prince Ribbit is heavily wounded.
Prince Ribbit blinks!
Prince Ribbit closely misses you.
You closely miss Prince Ribbit.
Prince Ribbit is heavily wounded.
Prince Ribbit barely misses you.
You closely miss Prince Ribbit.
Prince Ribbit is heavily wounded.
Prince Ribbit hits you!
* * * LOW HITPOINT WARNING * * *
You barely miss Prince Ribbit.
Prince Ribbit is heavily wounded.
Prince Ribbit hits you!
You die...

. .## # ##.....## . .
... ##.#.[.....#.# .
##.# ..#.......#.#
.##... #....._.....
.#..# #.#.......# .#.#
#.#.......# .<.####
#.##..)..#
....>.#####.####.####...
.####.....#.....@F....#
......###...............
......# ##############..
......# ......# ......#
#######


You could see Prince Ribbit.

Vanquished Creatures
  Pikel (D:4)
  Sigmund (D:4)
  Menkaure (D:4)
  2 ogres
  A scorpion (D:4)
  An orc wizard (D:3)
  4 adders
  A gnoll (D:5)
  4 dart slugs
  5 orcs
  6 ball pythons
  4 endoplasms
  3 giant cockroaches
  10 goblins
  5 hobgoblins
  4 jackals (D:1)
  5 quokkas
  7 bats
  5 frilled lizards
  10 kobolds
  8 rats
88 creatures vanquished.

Notes
Turn   | Place    | Note
-------+----------+-------------------------------------------
     0 | D:1      | grandjackal the Ghoul Monk began the quest for the Orb.
     0 | D:1      | Reached XP level 1. HP: 19/19 MP: 0/0
   177 | D:1      | Reached XP level 2. HP: 26/26 MP: 1/1
   200 | D:1      | Found Gaeceob's Assorted Antiques.
   323 | D:1      | Reached XP level 3. HP: 13/33 MP: 2/2
   808 | D:2      | Reached skill level 4 in Fighting
   888 | D:2      | Reached XP level 4. HP: 39/40 MP: 3/3
  1715 | D:3      | Reached XP level 5. HP: 47/47 MP: 4/4
  2142 | D:4      | Noticed an ogre
  2303 | D:4      | Noticed a lemure
  2303 | D:4      | Noticed a lemure
  2370 | D:4      | Noticed Sigmund
  2394 | D:4      | Killed Sigmund
  2395 | D:4      | Reached skill level 5 in Fighting
  2395 | D:4      | Reached skill level 5 in Unarmed Combat
  2395 | D:4      | Reached XP level 6. HP: 20/56 MP: 5/5
  2590 | D:4      | Found Tig Koze's Fire Supplies.
  2716 | D:4      | Noticed Menkaure
  2727 | D:4      | Killed Menkaure
  2728 | D:4      | Reached XP level 7. HP: 50/62 MP: 6/6
  3048 | D:4      | Found an iron altar of Okawaru.
  3071 | D:4      | Noticed Pikel
  3090 | D:4      | Killed Pikel
  3091 | D:4      | Reached skill level 6 in Fighting
  3091 | D:4      | Reached skill level 5 in Dodging
  3091 | D:4      | Reached XP level 8. HP: 39/71 MP: 7/7
  3356 | D:5      | Entered Level 5 of the Dungeon
  3563 | D:5      | Noticed Prince Ribbit
  3569 | D:5      | Reached skill level 7 in Fighting
  3576 | D:5      | Slain by Prince Ribbit

Illustrated notes

Levels and vault maps discovered:
D:1:      psy_arrival_heroes, layout_basic, serial_shops, shop,
          chequers_hall_statues_y
D:2:      layout_loops_cross
D:3:      layout_basic
D:4:      layout_loops_corners, okawaru_trees_1, nicolae_shop_fire_sale
          [nicolae_sub_dead_trees], uniq_sigmund, uniq_pikel, uniq_menkaure
D:5:      layout_rooms, mainiacjoe_overflow_alcove_2, old_standard_altar,
          minmay_temple_entry_drinking_statues, fountainhead, minivault_11,
          kennysheep_generic_room_11, uniq_prince_ribbit1

Skill      XL: |  1  2  3  4  5  6  7  8 |
---------------+-------------------------+-----
Dodging        | 3 4 5 |  5.6
Fighting       | 4 5 6 7 |  7.0
Unarmed Combat | 4 5 6 |  6.8

Action                     |  1- 3 |  4- 6 |  7- 9 || total
---------------------------+-------+-------+-------++-------
  Melee: Unarmed           |   101 |   110 |    42 ||   253
  Evoke: Wand              |       |       |     1 ||     1
    Use: Potion            |       |       |     3 ||     3
 Armour: Robe              |    54 |     4 |       ||    58
         Ring mail         |       |    46 |    24 ||    70
  Dodge: Dodged            |    71 |    59 |    14 ||   144

Table legend: (Time is in decaauts)
 A = Elapsed time spent in this place.
 B = Non-inter-level travel time spent in this place.
 C = Inter-level travel time spent in this place.
 D = Time resting spent in this place.
 E = Time spent auto-exploring this place.
 F = Levels seen in this place.
 G = Mean time per level.
                   A        B        C        D        E       F      G
               +--------+--------+--------+--------+--------+-----+--------+
         Total |   3535 |   3339 |    196 |    647 |   2056 |   5 |  707.0 |
       Dungeon |   3535 |   3339 |    196 |    647 |   2056 |   5 |  707.0 |
               +--------+--------+--------+--------+--------+-----+--------+

Top non-repeatable levels by time:
     D:4: 1402 daAuts
     D:1: 790 daAuts
     D:2: 663 daAuts
     D:3: 640 daAuts
     D:5: 39 daAuts
